 Dungeon Crawl Stone Soup version 0.29-a0-892-g2c4c91d9db (webtiles) character file.

Game seed: 17482366598176510749

184 Destapler the Shield-Bearer (level 5, -2/47 HPs)
             Began as a Minotaur Fighter on July 22, 2022.
             Was a Follower of Okawaru.
             Slain by an orc wizard
             ... wielding a +0 dagger of venom
              (3 damage)
             ... on level 4 of the Dungeon.
             The game lasted 00:05:29 (3323 turns).

Destapler the Shield-Bearer (Minotaur Fighter)      Turns: 3323, Time: 00:05:29

Health: -2/47      AC:  7    Str: 23    XL:     5   Next: 36%
Magic:  4/4        EV:  9    Int: 11    God:    Okawaru [*.....]
Gold:   117        SH:  5    Dex:  9    Spells: 4/4 levels left

rFire   . . .      SeeInvis .   a - +0 war axe
rCold   . . .      Faith    +   c - +1 buckler
rNeg    . . .      Spirit   .   b - +0 scale mail
rPois   .          Reflect  .   (helmet restricted)
rElec   .          Harm     .   (no cloak)
rCorr   .          Rampage  .   (no gloves)
Will    .....                   (no boots)
Stlth   ..........              m - amulet of faith
HPRegen 0.15/turn               j - +6 ring of intelligence
MPRegen 0.09/turn               (no ring)

@: lethally poisoned (-2 -> -22)
A: horns 2, retaliatory headbutt
a: Renounce Religion, Heroism


You were on level 4 of the Dungeon.
You worshipped Okawaru.
Okawaru was aware of your devotion.
You visited 1 branch of the dungeon, and saw 4 of its levels.

You collected 169 gold pieces.
You spent 52 gold pieces at shops.

Inventory:

Hand Weapons
 a - a +0 war axe (weapon)
 d - a +2 whip of draining
Armour
 b - a +0 scale mail (worn)
 c - a +1 buckler (worn)
Jewellery
 j - a +6 ring of intelligence (left hand)
 m - an amulet of faith (around neck)
Scrolls
 f - 5 scrolls of identify
 i - 2 scrolls of teleportation
 k - 2 scrolls of immolation
 l - a scroll of enchant armour
Potions
 e - a potion of resistance
 g - a potion of berserk rage {unknown}
 n - a potion of cancellation {unknown}


   Skills:
 + Level 4.7 Fighting
 + Level 4.0 Axes
 + Level 4.8 Armour
 + Level 4.9 Shields


You had 4 spell levels left.
You didn't know any spells.
Your spell library contained the following spells:

 Spells                   Type           Power      Damage    Failure   Level
 Inner Flame              Hex/Fire       0%         N/A       97%         3
 Cause Fear               Hex            0%         N/A       100%        4
 Discord                  Hex            0%         N/A       100%        8


Dungeon Overview and Level Annotations

Branches:
Dungeon (4/15)
 Temple: D:4-7

Altars:
Okawaru

Shops:
D:3 ?


Innate Abilities, Weirdness & Mutations

You have a pair of horns on your head.
You reflexively headbutt those who attack you in melee.


Message History

You hit the orc but do no damage.
The orc is heavily wounded.
You miss something. You hit the orc wizard. The orc wizard barely misses you.
You furiously retaliate!
You headbutt the orc wizard! The orc hits you but does no damage.
Something hits you but does no damage.
You are poisoned.
The orc wizard hits you with a +0 dagger.
The orc hits you but does no damage. Something hits you but does no damage.
You are more poisoned.
You slash the orc wizard!
You kill the orc wizard!
Okawaru accepts your kill.
You barely miss the orc. You hit something.
You feel extremely sick. The orc hits you but does no damage.
You hear some strange, mumbled words.
A puff of flame appears from out of thin air!
The puff of flame hits you.
Your Axes skill increases to level 4!
You hit the orc.
You kill the orc!
Okawaru accepts your kill.
You miss something.
You feel very sick. Something hits you but does no damage.
You are more poisoned.
Unknown command.
No target in view!
You closely miss something. Your headbutt misses something.
* * * LOW HITPOINT WARNING * * *
You feel very sick. Something hits you.
* * * LOW HITPOINT WARNING * * *
You are more poisoned.
Something hits you.
* * * LOW HITPOINT WARNING * * *
* * * LOW HITPOINT WARNING * * *
You feel very sick. Something hits you.
You die...

##### .
##....#.#
#....$. ##....
##.##...##.#
#....)@)...#
#....){.......
#.##..........
............
.....##......
.....## ......
#.... ....##
...#. .....


There were no monsters in sight!

Vanquished Creatures
  An orc priest (D:3)
  An iguana (D:3)
  An orc wizard (D:4)
  An adder (D:2)
  3 gnolls (D:2)
  An ufetubus (D:4)
  2 dart slugs
  6 orcs
  6 endoplasms
  2 giant cockroaches (D:1)
  4 goblins
  7 hobgoblins
  3 jackals (D:1)
  A quokka (D:1)
  2 bats (D:2)
  3 frilled lizards (D:1)
  6 kobolds
  6 rats
56 creatures vanquished.

Notes
Turn   | Place    | Note
-------+----------+-------------------------------------------
     0 | D:1      | Destapler the Minotaur Fighter began the quest for the Orb.
     0 | D:1      | Reached XP level 1. HP: 19/19 MP: 0/0
   134 | D:1      | Reached XP level 2. HP: 3/27 MP: 1/1
   135 | D:1      | HP: 1/27 [poisoned by a kobold]
  1461 | D:2      | Reached XP level 3. HP: 27/33 MP: 2/2
  1928 | D:2      | Reached XP level 4. HP: 40/40 MP: 3/3
  2514 | D:3      | Found a faded altar of an unknown god.
  2805 | D:3      | Prayed at the altar of an unknown god.
  2805 | D:3      | Became a worshipper of Warmaster Okawaru
  2805 | D:3      | Reached * piety under Okawaru
  3135 | D:3      | Found Wemaleh's Magic Scroll Shoppe.
  3148 | D:3      | Reached XP level 5. HP: 41/47 MP: 4/4
  3183 | D:3      | Bought a scroll of identify for 26 gold pieces
  3183 | D:3      | Bought a scroll of identify for 26 gold pieces
  3323 | D:4      | HP: 1/47 [poisoned by an orc wizard]
  3323 | D:4      | Slain by an orc wizard

Illustrated notes

Levels and vault maps discovered:
D:1:      lemuel_arrival_cross, layout_basic, serial_co_window_serial,
          co_window_paths_a, co_window_paths_b, co_window_of_opportunity_a,
          co_window_paths_a, co_window_of_opportunity_a, co_window_broadway_a,
          co_window_broadway_a, co_window_corner_b, co_window_paths_e,
          co_window_4corner_b, glass_columns_a, glass_columns_b
D:2:      layout_basic
D:3:      layout_loops_ring, serial_shops, shop,
          hellmonk_ecumenical_altar_blasted
D:4:      layout_cave_pools, yredelemnul_altar_generic

Skill      XL: |  1  2  3  4  5 |
---------------+----------------+-----
Armour         | 4 |  4.8
Shields        | 4 |  4.9
Fighting       | 4 |  4.7
Axes           | 3 4 |  4.0

Action                   |  1- 3 |  4- 6 || total
-------------------------+-------+-------++-------
Melee: War axe           |    69 |    44 ||   113
       Headbutt          |     9 |     4 ||    13
  Use: Scroll            |     1 |     6 ||     7
       Potion            |     1 |       ||     1
Armor: Scale mail        |    31 |    19 ||    50
Dodge: Dodged            |    39 |    22 ||    61
Block: Buckler           |    16 |     7 ||    23

Table legend: (Time is in decaauts)
 A = Elapsed time spent in this place.
 B = Non-inter-level travel time spent in this place.
 C = Inter-level travel time spent in this place.
 D = Time resting spent in this place.
 E = Time spent auto-exploring this place.
 F = Levels seen in this place.
 G = Mean time per level.
                   A        B        C        D        E       F      G
               +--------+--------+--------+--------+--------+-----+--------+
         Total |   3366 |   3296 |     70 |    276 |   2562 |   4 |  841.5 |
       Dungeon |   3366 |   3296 |     70 |    276 |   2562 |   4 |  841.5 |
               +--------+--------+--------+--------+--------+-----+--------+

Top non-repeatable levels by time:
     D:1: 1384 daAuts
     D:2: 985 daAuts
     D:3: 984 daAuts
     D:4: 13 daAuts
